[ PARTIDA AOE2 · #505973917 ]
UnrankedGodos vs Burmese
Equipo del jugador · DERR
Equipo rival · VICT
[ ANÁLISIS DE REPETICIÓN · EXTRAÍDO DE LA PARTIDA GRABADA ]
Feudal
8:52
Castillos
26:12
Imperial
—
| APM promedio | 57.0 |
| APM pico | 104 |
| eAPM promedio | 26.3 |
| Aldeanos / militares | 134 / 32 |
Foco
⚔️ 31.8% · 🌾 68.2%
Spearman ×18 · Scout Cavalry ×12 · Knight ×2
Feudal
11:01
Castillos
14:33
Imperial
36:07
| APM promedio | 36.6 |
| APM pico | 89 |
| eAPM promedio | 17.0 |
| Aldeanos / militares | 86 / 46 |
Foco
⚔️ 22.1% · 🌾 77.9%
Arambai ×32 · Spearman ×4 · Monk ×3 · Petard ×3 · Battering Ram ×2 · Trebuchet (Packed) ×2
Mapa de la partida
Recursos iniciales + cada clic de construcción. Líneas = muros · curvas = relieve. ◆ oro · ⬟ piedra · ● bayas · ✦ reliquia · ◌ hueco del cierre
Tu base· ✓ Cerrada en 26:12 · 2t muro · 3 puerta(s)
Base de muirhead25· ✓ Cerrada en 14:33 · 0t muro · 2 puerta(s)
Terreno inicial suavizado · ◌ = hueco del cierre detectado · pasá el cursor para detalles
Inputs por minuto
— No soy Masche - - muirhead25
Build order — No soy Masche
Primeras 150 de 278 acciones detectadas
| 0:01 | Encolar | Villager (Male) |
| 0:01 | Encolar | Villager (Male) |
| 0:02 | Encolar | Villager (Male) |
| 0:02 | Encolar | Villager (Male) |
| 0:03 | Construir | House |
| 0:04 | Construir | House |
| 1:22 | Encolar | Villager (Male) |
| 1:22 | Encolar | Villager (Male) |
| 1:31 | Investigar | Loom |
| 1:31 | Investigar | Loom |
| 2:02 | Encolar | Villager (Male) |
| 2:02 | Encolar | Villager (Male) |
| 2:25 | Encolar | Villager (Male) |
| 2:25 | Encolar | Villager (Male) |
| 2:29 | Construir | Lumber Camp |
| 2:43 | Encolar | Villager (Male) |
| 2:43 | Encolar | Villager (Male) |
| 3:02 | Construir | House |
| 3:05 | Encolar | Villager (Male) |
| 3:06 | Encolar | Villager (Male) |
| 3:27 | Encolar | Villager (Male) |
| 3:27 | Encolar | Villager (Male) |
| 3:45 | Encolar | Villager (Male) |
| 3:45 | Encolar | Villager (Male) |
| 4:19 | Encolar | Villager (Male) |
| 4:19 | Encolar | Villager (Male) |
| 4:19 | Encolar | Villager (Male) |
| 4:39 | Encolar | Villager (Male) |
| 4:39 | Encolar | Villager (Male) |
| 4:45 | Construir | Mill |
| 5:35 | Encolar | Villager (Male) |
| 5:57 | Encolar | Villager (Male) |
| 6:05 | Encolar | Villager (Male) |
| 6:43 | Investigar | Feudal Age |
| 6:43 | Investigar | Feudal Age |
| 7:06 | Construir | Mining Camp |
| 7:12 | Construir | Mining Camp |
| 8:12 | Encolar | Villager (Male) |
| 8:17 | Construir | House |
| 8:19 | Encolar | Villager (Male) |
| 8:35 | Construir | House |
| 8:52 | Edad | Edad Feudal |
| 8:58 | Construir | Watch Tower |
| 9:09 | Encolar | Villager (Male) |
| 9:10 | Investigar | Double-Bit Axe |
| 9:48 | Encolar | Villager (Male) |
| 9:50 | Encolar | Villager (Male) |
| 9:53 | Encolar | Villager (Male) |
| 9:56 | Construir | Mill |
| 10:03 | Encolar | Villager (Male) |
| 10:08 | Encolar | Villager (Male) |
| 10:13 | Encolar | Villager (Male) |
| 10:23 | Investigar | Town Watch |
| 10:23 | Investigar | Town Watch |
| 10:27 | Encolar | Villager (Male) |
| 10:38 | Encolar | Villager (Male) |
| 10:42 | Encolar | Villager (Male) |
| 10:43 | Encolar | Villager (Male) |
| 10:52 | Construir | Watch Tower |
| 10:54 | Encolar | Villager (Male) |
| 11:18 | Encolar | Villager (Male) |
| 11:26 | Construir | Blacksmith |
| 11:50 | Encolar | Villager (Male) |
| 12:11 | Encolar | Villager (Male) |
| 12:12 | Encolar | Villager (Male) |
| 12:18 | Construir | Watch Tower |
| 12:27 | Investigar | Fletching |
| 12:28 | Investigar | Fletching |
| 12:30 | Encolar | Villager (Male) |
| 12:32 | Encolar | Villager (Male) |
| 12:41 | Construir | Outpost |
| 12:47 | Encolar | Villager (Male) |
| 12:52 | Construir | House |
| 13:01 | Encolar | Villager (Male) |
| 13:06 | Construir | House |
| 13:29 | Construir | Outpost |
| 13:31 | Encolar | Villager (Male) |
| 13:47 | Encolar | Villager (Male) |
| 13:50 | Construir | Barracks |
| 14:07 | Construir | Palisade Wall |
| 14:07 | Construir | Palisade Wall |
| 14:11 | Encolar | Villager (Male) |
| 14:30 | Encolar | Villager (Male) |
| 14:44 | Construir | House |
| 14:53 | Construir | House |
| 15:26 | Construir | House |
| 15:29 | Encolar | Villager (Male) |
| 15:42 | Encolar | Villager (Male) |
| 15:45 | Construir | Farm |
| 15:45 | Construir | Farm |
| 15:46 | Construir | Farm |
| 15:46 | Construir | Farm |
| 15:46 | Construir | Farm |
| 15:46 | Construir | Farm |
| 15:47 | Construir | Farm |
| 15:47 | Construir | Farm |
| 16:01 | Construir | Stable |
| 16:05 | Encolar | Villager (Male) |
| 16:15 | Construir | Farm |
| 16:17 | Construir | Farm |
| 16:18 | Encolar | Villager (Male) |
| 16:27 | Encolar | Villager (Male) |
| 16:30 | Construir | House |
| 16:38 | Encolar | Scout Cavalry |
| 16:38 | Encolar | Scout Cavalry |
| 17:00 | Construir | Watch Tower |
| 17:04 | Encolar | Villager (Male) |
| 17:06 | Construir | Farm |
| 17:07 | Construir | Farm |
| 17:11 | Construir | House |
| 17:18 | Encolar | Villager (Male) |
| 17:22 | Encolar | Scout Cavalry |
| 17:33 | Construir | Farm |
| 17:35 | Encolar | Villager (Male) |
| 17:52 | Encolar | Scout Cavalry |
| 17:52 | Encolar | Scout Cavalry |
| 18:02 | Construir | Watch Tower |
| 18:10 | Encolar | Villager (Male) |
| 18:12 | Construir | Farm |
| 18:13 | Construir | Farm |
| 18:17 | Construir | Farm |
| 18:31 | Encolar | Villager (Male) |
| 18:33 | Construir | Farm |
| 18:57 | Encolar | Villager (Male) |
| 19:00 | Construir | House |
| 19:04 | Construir | Mining Camp |
| 19:21 | Encolar | Scout Cavalry |
| 19:23 | Encolar | Villager (Male) |
| 19:27 | Construir | House |
| 19:29 | Construir | House |
| 19:31 | Construir | House |
| 19:36 | Encolar | Villager (Male) |
| 19:52 | Construir | Mill |
| 20:05 | Encolar | Villager (Male) |
| 20:08 | Construir | House |
| 20:08 | Encolar | Villager (Male) |
| 20:09 | Encolar | Villager (Male) |
| 20:14 | Encolar | Villager (Male) |
| 20:16 | Construir | Farm |
| 20:24 | Construir | Farm |
| 20:26 | Encolar | Villager (Male) |
| 20:46 | Encolar | Scout Cavalry |
| 20:52 | Construir | House |
| 20:54 | Construir | House |
| 20:59 | Construir | Outpost |
| 21:00 | Construir | Outpost |
| 21:21 | Encolar | Scout Cavalry |
| 21:29 | Construir | Market |
| 21:32 | Construir | House |
| 21:51 | Construir | Farm |
Build order — muirhead25
Primeras 150 de 228 acciones detectadas
| 0:01 | Encolar | Villager (Male) |
| 0:01 | Encolar | Villager (Male) |
| 0:02 | Encolar | Villager (Male) |
| 0:02 | Encolar | Villager (Male) |
| 0:02 | Encolar | Villager (Male) |
| 0:04 | Construir | House |
| 0:05 | Construir | House |
| 1:26 | Encolar | Villager (Male) |
| 2:10 | Encolar | Villager (Male) |
| 2:14 | Construir | Lumber Camp |
| 2:16 | Encolar | Villager (Male) |
| 2:44 | Encolar | Villager (Male) |
| 3:03 | Encolar | Villager (Male) |
| 3:40 | Encolar | Villager (Male) |
| 3:53 | Construir | House |
| 3:54 | Construir | House |
| 3:55 | Construir | House |
| 4:03 | Encolar | Villager (Male) |
| 4:27 | Encolar | Villager (Male) |
| 5:06 | Encolar | Villager (Male) |
| 5:06 | Encolar | Villager (Male) |
| 5:19 | Construir | Mill |
| 5:48 | Encolar | Villager (Male) |
| 6:05 | Construir | Mill |
| 6:08 | Encolar | Villager (Male) |
| 6:16 | Encolar | Villager (Male) |
| 6:26 | Encolar | Villager (Male) |
| 6:36 | Construir | Farm |
| 7:01 | Encolar | Villager (Male) |
| 7:08 | Construir | Farm |
| 7:24 | Encolar | Villager (Male) |
| 7:40 | Encolar | Villager (Male) |
| 8:11 | Construir | Mining Camp |
| 8:40 | Investigar | Feudal Age |
| 8:43 | Encolar | Villager (Male) |
| 8:43 | Investigar | Loom |
| 9:47 | Encolar | Villager (Male) |
| 11:01 | Edad | Edad Feudal |
| 11:05 | Construir | Market |
| 11:09 | Construir | Blacksmith |
| 11:46 | Construir | Mining Camp |
| 11:53 | Investigar | Castle Age |
| 11:54 | Investigar | Castle Age |
| 12:38 | Investigar | Horse Collar |
| 12:40 | Encolar | Villager (Male) |
| 13:17 | Encolar | Villager (Male) |
| 14:33 | Edad | Edad de los Castillos |
| 14:44 | Construir | Castle |
| 14:52 | Construir | Castle |
| 15:07 | Construir | Castle |
| 15:16 | Encolar | Villager (Male) |
| 15:23 | Construir | Castle |
| 15:40 | Encolar | Villager (Male) |
| 15:54 | Construir | Farm |
| 15:54 | Construir | Farm |
| 15:55 | Construir | Farm |
| 15:59 | Construir | House |
| 16:01 | Encolar | Villager (Male) |
| 16:21 | Encolar | Villager (Male) |
| 16:26 | Construir | Farm |
| 16:35 | Construir | Market |
| 16:36 | Encolar | Villager (Male) |
| 16:39 | Construir | Farm |
| 16:42 | Construir | Farm |
| 16:54 | Encolar | Villager (Male) |
| 17:17 | Encolar | Arambai |
| 17:18 | Encolar | Arambai |
| 17:37 | Encolar | Arambai |
| 18:02 | Construir | Mining Camp |
| 18:06 | Construir | Farm |
| 18:15 | Construir | House |
| 18:18 | Construir | House |
| 18:25 | Encolar | Villager (Male) |
| 18:29 | Construir | House |
| 18:35 | Construir | House |
| 18:36 | Construir | House |
| 18:37 | Encolar | Villager (Male) |
| 18:44 | Construir | Farm |
| 18:46 | Encolar | Villager (Male) |
| 19:01 | Encolar | Arambai |
| 19:08 | Encolar | Villager (Male) |
| 19:20 | Construir | Siege Workshop |
| 19:24 | Encolar | Villager (Male) |
| 19:36 | Encolar | Arambai |
| 20:11 | Encolar | Battering Ram |
| 20:16 | Encolar | Villager (Male) |
| 20:28 | Encolar | Villager (Male) |
| 20:37 | Construir | Lumber Camp |
| 20:56 | Encolar | Villager (Male) |
| 21:04 | Encolar | Arambai |
| 21:08 | Encolar | Villager (Male) |
| 21:19 | Encolar | Arambai |
| 21:20 | Encolar | Villager (Male) |
| 21:26 | Construir | Farm |
| 21:35 | Encolar | Villager (Male) |
| 21:40 | Encolar | Petard |
| 21:44 | Encolar | Arambai |
| 22:06 | Encolar | Villager (Male) |
| 22:09 | Construir | Farm |
| 22:13 | Construir | Farm |
| 22:31 | Encolar | Villager (Male) |
| 22:35 | Construir | Farm |
| 22:43 | Encolar | Arambai |
| 22:47 | Encolar | Petard |
| 22:53 | Encolar | Villager (Male) |
| 22:57 | Construir | Monastery |
| 23:30 | Encolar | Petard |
| 23:34 | Encolar | Battering Ram |
| 23:39 | Construir | Outpost |
| 23:40 | Encolar | Villager (Male) |
| 23:43 | Construir | Farm |
| 23:44 | Construir | Farm |
| 23:55 | Encolar | Villager (Male) |
| 23:59 | Construir | Farm |
| 23:59 | Encolar | Villager (Male) |
| 24:25 | Construir | Outpost |
| 24:29 | Encolar | Arambai |
| 24:30 | Encolar | Arambai |
| 24:30 | Encolar | Arambai |
| 24:36 | Construir | Stone Wall |
| 24:51 | Construir | Outpost |
| 24:51 | Encolar | Villager (Male) |
| 24:53 | Encolar | Arambai |
| 25:36 | Encolar | Villager (Male) |
| 25:36 | Encolar | Villager (Male) |
| 25:36 | Encolar | Villager (Male) |
| 26:13 | Encolar | Villager (Male) |
| 26:13 | Encolar | Villager (Male) |
| 26:45 | Encolar | Villager (Male) |
| 26:48 | Encolar | Arambai |
| 26:49 | Encolar | Villager (Male) |
| 26:54 | Construir | Barracks |
| 26:58 | Encolar | Monk |
| 26:59 | Encolar | Monk |
| 27:16 | Encolar | Villager (Male) |
| 27:17 | Encolar | Villager (Male) |
| 27:27 | Construir | Town Center |
| 28:12 | Encolar | Villager (Male) |
| 28:15 | Encolar | Spearman |
| 28:16 | Encolar | Spearman |
| 28:33 | Encolar | Villager (Male) |
| 28:52 | Encolar | Villager (Male) |
| 29:00 | Encolar | Spearman |
| 29:00 | Encolar | Spearman |
| 29:10 | Encolar | Villager (Male) |
| 29:11 | Encolar | Villager (Male) |
| 29:13 | Encolar | Arambai |
| 29:14 | Encolar | Arambai |
| 29:16 | Encolar | Villager (Male) |
| 29:17 | Encolar | Villager (Male) |
Cronología de la partida
| 8:52 | No soy Masche · age_up feudal |
| 11:01 | muirhead25 · age_up feudal |
| 13:50 | No soy Masche · first_building Barracks |
| 14:07 | No soy Masche · wall_segment Palisade Wall x1 |
| 14:07 | No soy Masche · wall_segment Palisade Wall x1 |
| 14:21 | muirhead25 · first_market_sell 100 wood |
| 14:24 | muirhead25 · first_market_buy 100 stone |
| 14:33 | muirhead25 · age_up castle |
| 14:44 | muirhead25 · first_building Castle |
| 16:01 | No soy Masche · first_building Stable |
| 19:20 | muirhead25 · first_building Siege Workshop |
| 22:57 | muirhead25 · first_building Monastery |
| 24:27 | No soy Masche · first_market_buy 100 food |
| 24:36 | muirhead25 · wall_segment Stone Wall x1 |
| 26:12 | No soy Masche · age_up castle |
| 26:43 | No soy Masche · wall_segment Palisade Wall x1 |
| 26:54 | muirhead25 · first_building Barracks |
| 27:40 | No soy Masche · wall_segment Palisade Wall x2 |
| 36:07 | muirhead25 · age_up imperial |
| 36:16 | No soy Masche · resign |
[ ANÁLISIS IA · 1 CRÉDITO ]
¿Qué pasó realmente en esta partida?
Wolo.gg analiza cada decisión: build order, eco, micro, errores típicos por bracket. Análisis personalizado por WhatsApp o Discord en 30 segundos.
Guía civ
Godos
Perfil
No soy Masche